 Dungeon Crawl Stone Soup version 0.31-a0-654-gbe3e110b4e (webtiles) character file.

Game seed: 14959675689589492765

25 IdlyInterested the Chopper (level 2, -1/22 HPs)
             Began as a Demonspawn Gladiator on Aug 29, 2023.
             Slain by a worm (9 damage)
             ... on level 2 of the Dungeon.
             The game lasted 00:01:54 (925 turns).

IdlyInterested the Chopper (Demonspawn Gladiator)    Turns: 925, Time: 00:01:55

Health: -1/22      AC:  4    Str: 14    XL:     2   Next: 82%
Magic:  2/2        EV: 14    Int:  9    God:
Gold:   65         SH:  0    Dex: 14    Spells: 1/1 levels left

rFire   . . .        a - +0 war axe
rCold   . . .        (no shield)
rNeg    . . .        b - +0 leather armour
rPois   .            c - +0 helmet
rElec   .            (no cloak)
rCorr   .            (no gloves)
SInv    .            (no boots)
Will    .....        (no amulet)
Stlth   +            (no ring)
HPRegen 0.23/turn    (no ring)
MPRegen 0.08/turn

%: no passive effects
@: no status effects
A: repulsion field 1
a: no special abilities


You were on level 2 of the Dungeon.
You visited 1 branch of the dungeon, and saw 2 of its levels.

You collected 65 gold pieces.

Inventory:

Hand Weapons
 a - a +0 war axe (weapon)
 j - a +0 hand axe
 l - a +0 spear
Missiles
 d - 3 throwing nets
 e - a javelin
 m - 6 stones (quivered)
Armour
 b - a +0 leather armour (worn)
 c - a +0 helmet (worn)
Scrolls
 g - a scroll of blinking {unknown}
 i - 2 scrolls of identify
 k - a scroll of vulnerability {unknown}
 n - 3 scrolls of fear {unknown}
Potions
 f - a potion of curing
 h - 2 potions of brilliance


   Skills:
 - Level 2.0 Fighting
 * Level 3.5 Axes
 - Level 1.7 Throwing
 - Level 1.0 Armour
 - Level 2.6 Dodging
 + Level 0.0 Stealth


You had one spell level left.
You didn't know any spells.
Your spell library contained the following spells:

 Spells                   Type           Power      Damage    Failure   Level
 Necrotise                Necr           0%         1d4       45%         1
 Frozen Ramparts          Ice            0%         1d1       83%         3
 Vampiric Draining        Necr           0%         2d6       83%         3
 Volatile Blastmotes      Fire/Tloc      0%         2d10      83%         3
 Fulminant Prism          Conj/Hex       0%         3d5       99%         4
 Iskenderun's Mystic Bla  Conj/Tloc      0%         2d3       99%         4
 Petrify                  Tmut/Erth      0%         N/A       99%         4
 Agony                    Necr           0%         N/A       100%        5
 Metabolic Englaciation   Hex/Ice        0%         N/A       100%        5


Dungeon Overview and Level Annotations

Branches:
Dungeon (2/15)

Altars:


Innate Abilities, Weirdness & Mutations

You are surrounded by a mild repulsion field. (EV +2)


Message History

You barely miss the adder.
The adder is severely wounded.
The adder misses you. The adder barely misses you.
You hit the adder.
You kill the adder!
Training target 1.0 for Armour reached!
Your Armour skill increases to level 1!
You see here an adder corpse.
m - 6 stones (gained 1)
n - 3 scrolls labelled QOSURH WIFFALL
Found a club.
You see here a +0 club.
You now have 51 gold pieces (gained 2).
Found a dagger.
Found a stone staircase leading down.
You now have 65 gold pieces (gained 14).
A worm comes into view.
A kobold comes into view.
It is wielding a +0 whip and quivering poisoned darts.
The worm closely misses you.
You hit the worm.
The worm is lightly wounded.
The kobold shouts!
The worm closely misses you.
You slash the worm!
The worm is severely wounded.
You hit the worm.
The worm is almost dead.
The worm bites you.
You barely miss the worm.
The worm is severely wounded.
The worm bites you.
You hit the worm.
The worm is almost dead.
You closely miss the kobold. The kobold completely misses you.
The worm bites you!
You hit the worm but do no damage.
The worm is severely wounded.
You barely miss the kobold. The kobold completely misses you.
The worm bites you!
You die...

.......♣♣♣♣♣ .......#
#.#...# .......# .....#
##.....## .....#
#.≈≈≈..# #.....
#.≈)≈..### ##.♣.♣.♣#
#.≈≈≈....###..#....#
#.....##.....#♣wK.♣
...............#@..#
#.########...#.♣.♣.♣####
#......#....##.........#
##.....................#
#.......#####.........#
#.......# ##..>.....#
#..♣.P..# #........#
..♣.P.P.# #........#
.♣.♣♣...# #........#


You could see a worm and a kobold.

Vanquished Creatures
  An adder (D:2)
  An endoplasm (D:1)
  A giant cockroach (D:1)
  4 hobgoblins (D:1)
  A quokka (D:1)
  A ball python (D:1)
  3 bats (D:1)
  3 kobolds
15 creatures vanquished.

Notes
Turn   | Place    | Note
-------+----------+-------------------------------------------
     0 | D:1      | IdlyInterested the Demonspawn Gladiator began the quest for
                  | the Orb.
     0 | D:1      | Reached XP level 1. HP: 16/16 MP: 1/1
   321 | D:1      | Reached skill level 3 in Axes
   377 | D:1      | Gained mutation: You are surrounded by a mild repulsion
                  | field. (EV +2) [demonic ancestry]
   377 | D:1      | Reached XP level 2. HP: 20/22 MP: 2/2
   838 | D:2      | Reached skill level 1 in Armour
   925 | D:2      | Slain by a worm

Illustrated notes

Levels and vault maps discovered:
D:1:      amcnicky_arrival_abandoned_market, layout_rooms,
          minmay_misc_feat_columns
D:2:      layout_rooms, serial_forest, infiniplex_forest_corner_1,
          infiniplex_forest_corner_2, infiniplex_forest_end_2,
          infiniplex_forest_end_3, infiniplex_forest_end_1,
          infiniplex_forest_lined_1, infiniplex_forest_clump_double,
          infiniplex_forest_lined_room_, infiniplex_forest_lined_room_2,
          infiniplex_forest_clump_diagonal, corexii_item_surrounded_by_moat,
          minmay_misc_feat_nine_boxes

Skill      XL: |  1  2 |
---------------+-------+-----
Axes           | 3 |  3.5
Armour         | 1 |  1.0
Fighting       | |  2.0
Throwing       | |  1.7
Dodging        | |  2.6

Action                     || total
---------------------------++-------
  Melee: War axe           ||    45
    Use: Scroll            ||     2
 Armour: Leather armour    ||    13
  Dodge: Dodged            ||    40

Table legend: (Time is in decaauts)
 A = Elapsed time spent in this place.
 B = Non-inter-level travel time spent in this place.
 C = Inter-level travel time spent in this place.
 D = Time resting spent in this place.
 E = Time spent auto-exploring this place.
 F = Levels seen in this place.
 G = Mean time per level.
                   A        B        C        D        E       F      G
               +--------+--------+--------+--------+--------+-----+--------+
         Total |    940 |    770 |    170 |      0 |    562 |   2 |  470.0 |
       Dungeon |    940 |    770 |    170 |      0 |    562 |   2 |  470.0 |
               +--------+--------+--------+--------+--------+-----+--------+

Top non-repeatable levels by time:
     D:1: 799 daAuts
     D:2: 141 daAuts
